 Dungeon Crawl Stone Soup version 0.30-a0-883-g5ad918d (webtiles) character file.

Game seed: 7035344488447738054

148 Illumine the Shooter (level 5, -2/31 (32) HPs)
             Began as a Kobold Hunter on Mar 15, 2023.
             Slain by a scorpion (5 damage)
             ... on level 6 of the Dungeon.
             The game lasted 00:04:58 (3492 turns).

Illumine the Shooter (Kobold Hunter)                Turns: 3492, Time: 00:04:58

HP:   -2/31 (32)    AC:  5    Str:  8    XL:     5   Next: 56%
MP:   5/5           EV: 15    Int: 11    God:
Gold: 174           SH:  0    Dex: 20    Spells: 4/4 levels left

rFire   . . .      SeeInvis .    a - +0 shortbow
rCold   . . .      Faith    .    (shield currently unavailable)
rNeg    . . .      Spirit   .    c - +0 leather armour
rPois   .          Reflect  .    (no helmet)
rElec   .          Rampage  .    t - +0 cloak
rCorr   .                        e - +0 pair of gloves
Will    .....                    (no boots)
Stlth   +++                      (no amulet)
HPRegen 0.25/turn                (no ring)
MPRegen 0.09/turn                (no ring)

@: lethally poisoned (-2 -> -12), lightly drained
A: small, no large weapons, nightstalker 3
a: no special abilities


You were on level 6 of the Dungeon.
You visited 1 branch of the dungeon, and saw 6 of its levels.
You also visited: Sewer.

You collected 174 gold pieces.

Inventory:

Hand Weapons
 a - a +0 shortbow (weapon)
 m - a +0 dagger of venom
Missiles
 r - 3 poisoned darts
Armour
 c - a +0 leather armour (worn)
 e - a +0 pair of gloves (worn)
 t - a +0 cloak (worn)
Scrolls
 b - 3 scrolls of immolation
 g - a scroll of amnesia {unknown}
 i - a scroll of butterflies {unknown}
 l - a scroll of poison {unknown}
 s - a scroll of brand weapon {unknown}
 w - a scroll of noise {unknown}
Potions
 d - 2 potions of cancellation
 h - 2 potions of brilliance
 j - a potion of ambrosia {unknown}
 n - a potion of flight {unknown}
 o - a potion of attraction {unknown}
 q - a potion of haste {unknown}
 v - a potion of magic {unknown}


   Skills:
 + Level 3.2 Fighting
 * Level 6.7 Ranged Weapons
 + Level 3.5 Dodging
 + Level 3.2 Stealth


You had 4 spell levels left.
You didn't know any spells.
Your spell library was empty.

Dungeon Overview and Level Annotations

Branches:
Dungeon (6/15)              Sewer (visited)
 Temple: D:4-7

Altars:

Portals:
Ossuary: D:6

Annotations:
D:3 Grinder
D:6 Duvessa, Edmund


Innate Abilities, Weirdness & Mutations

You are small and have problems with some larger weapons.
You are completely attuned to the shadows.


Message History

There's a creature in the doorway!
Okay, then.
The adder attacks as you move away! The adder barely misses you.
An orc wizard comes into view. It is wielding a +0 dagger.
You feel sick.
You are no longer poisoned.
The orc wizard shouts!
The centaur shouts!
The centaur wields a +0 shortbow.
The centaur shoots an arrow.
The arrow misses you.
An orc comes into view. It is wielding a +0 dagger.
The orc wizard points at you and mumbles some strange words.
The puff of flame hits you! The adder bites you but does no damage.
As you read the scroll of fear, it crumbles to dust.
You assume a fearsome visage.
The adder looks frightened!
The centaur looks frightened!
The orc wizard looks frightened!
The orc looks frightened!
The orc shouts!
The wight is unaffected. x2
The orc wizard mumbles some strange words.
The orc wizard flickers and vanishes!
Deactivating autopickup; reactivate with Ctrl-A.
An orc warrior comes into view. It is wielding a +0 halberd.
Found a notched coral ring.
Cornered, the adder turns to fight!
Unknown command.
The adder attacks as you move away! The adder bites you but does no damage.
A scorpion comes into view.
Blink to where?
Press: ? - help, Dir - move target
As you read the scroll of blinking, it crumbles to dust.
The orc warrior hits you from afar with a +0 halberd.
* * * LOW HITPOINT WARNING * * *
The scorpion stings you.
* * * LOW HITPOINT WARNING * * *
You are lethally poisoned!
The scorpion poisons you!
You open the door.
* * * LOW HITPOINT WARNING * * *
You feel very sick. The scorpion stings you.
You die...

#... #{.. #... ..
#.#...###
#.#####.#..o.@#
.###...........s.'.#
......?##.....S..#...
.......'zz.......+...
.......####ยง.....#
.@ .......# #...##
######## #=..# #
##### #####.#. #
.......


You could see Edmund (wandering), an orc warrior, a scorpion and an adder.

Vanquished Creatures
  An iguana (D:4)
  5 adders
  A white imp (D:4)
  2 worms (D:2)
  2 dart slugs
  An orc (D:4)
  4 endoplasms
  3 giant cockroaches
  2 goblins
  2 hobgoblins
  6 jackals
  7 kobolds
  2 quokkas
  13 ball pythons
  5 bats
  2 frilled lizards
  5 rats
63 creatures vanquished.

Notes
Turn   | Place    | Note
-------+----------+-------------------------------------------
     0 | D:1      | Illumine the Kobold Hunter began the quest for the Orb.
     0 | D:1      | Reached XP level 1. HP: 12/12 MP: 1/1
   296 | D:1      | Reached XP level 2. HP: 18/18 MP: 2/2
   492 | D:1      | Reached XP level 3. HP: 22/22 MP: 3/3
  1198 | D:2      | Reached skill level 6 in Ranged Weapons
  1258 | D:2      | Found a faded altar of an unknown god.
  1531 | D:2      | Reached XP level 4. HP: 19/27 MP: 4/4
  2207 | D:3      | Noticed Grinder
  2328 | D:4      | Found a glowing drain.
  2332 | Sewer    | Entered a sewer
  2343 | Sewer    | Noticed a kobold brigand
  2775 | D:4      | HP: 1/28 [white imp/puff of frost (8)]
  2781 | D:4      | Reached XP level 5. HP: 15/32 MP: 5/5
  3254 | D:5      | Entered Level 5 of the Dungeon
  3377 | D:6      | Noticed a water moccasin
  3382 | D:6      | Found a sand-covered staircase.
  3383 | D:6      | Noticed Edmund
  3386 | D:6      | Noticed an ogre
  3455 | D:6      | Noticed Duvessa
  3485 | D:6      | Noticed a centaur
  3488 | D:6      | Noticed an orc warrior
  3492 | D:6      | Slain by a scorpion

Illustrated notes

Levels and vault maps discovered:
D:1:      lightli_arrival_isolated_outpost, layout_basic,
          hangedman_feature_mirror, st_stairs_8
D:2:      layout_loops_ring, ebering_ecumenical_altar_hall, serial_aquarium,
          aquarium_bridge_long_joined [aquarium_subvault_wall,
          aquarium_subvault_wall, aquarium_subvault_bridge,
          aquarium_subvault_window, aquarium_subvault_bridge,
          aquarium_subvault_bridge], aquarium_window_corridor_1,
          aquarium_window_2, aquarium_window_2, aquarium_window_2,
          aquarium_view_2c, aquarium_pool_2, kennysheep_generic_room_15
D:3:      layout_basic, uniq_grinder, uniq_terence
D:4:      layout_loops_cross, gup_sewer_entry_bowl, bh_walls_and_bars
D:5:      layout_rooms, mainiacjoe_overflow_alcove_4,
          cheibrodos_ashenzari_chains, old_standard_altar,
          hangedman_abyss_or_decor_passed, uniq_prince_ribbit1, uniq_eustachio
D:6:      layout_basic, lightli_ossuary_entry_decrepit_ruins, uniq_duvessa,
          uniq_edmund

Skill      XL: |  1  2  3  4  5 |
---------------+----------------+-----
Stealth        | 2 3 |  3.2
Dodging        | 3 |  3.5
Ranged Weapons | 6 |  6.7
Fighting       | 3 |  3.2

Action                     |  1- 3 |  4- 6 || total
---------------------------+-------+-------++-------
   Fire: Shortbow          |    81 |    85 ||   166
    Use: Scroll            |       |    14 ||    14
         Potion            |       |     2 ||     2
 Armour: Leather armour    |     5 |    14 ||    19
  Dodge: Dodged            |    21 |    78 ||    99

Table legend: (Time is in decaauts)
 A = Elapsed time spent in this place.
 B = Non-inter-level travel time spent in this place.
 C = Inter-level travel time spent in this place.
 D = Time resting spent in this place.
 E = Time spent auto-exploring this place.
 F = Levels seen in this place.
 G = Mean time per level.
                   A        B        C        D        E       F      G
               +--------+--------+--------+--------+--------+-----+--------+
         Total |   3552 |   3508 |     44 |    206 |   2741 |   7 |  507.4 |
       Dungeon |   3527 |   3483 |     44 |    206 |   2732 |   6 |  587.8 |
         Sewer |     25 |     25 |      0 |      0 |      8 |   1 |   25.0 |
               +--------+--------+--------+--------+--------+-----+--------+

Top non-repeatable levels by time:
     D:2: 1059 daAuts
     D:1: 1048 daAuts
     D:4: 1029 daAuts
     D:3: 148 daAuts
     D:6: 145 daAuts
     D:5: 95 daAuts
   Sewer: 25 daAuts
